AoeStats
← Cheonma

Nomad

510169135Analyzed
4v4 RM · 3d ago on Sep 29, 2026· 28m 52s· 8 players
Game mode
Random Map
Map size
231×231
Population
200
Speed
Normal
Resources
Standard
Victory
Conquest
Starting age
Dark Age
Ending age
Imperial Age
RankedLock teamsTeams togetherTeam positionsShared explorationLock speedFull tech treeHidden civsTurbo modeCheats
Victory
Defeat
🇦🇷 Bengalis · Argentina
1368
+14
🇦🇷 Wu · Argentina
1344
+15
🇦🇷 Magyars · Argentina
1295
+17
🇦🇷 Portuguese · Argentina
1292
+17
🇺🇸 Danes · United States
1378
-18
🇬🇧 Saxons · United Kingdom
1312
-15
🇭🇰 Spanish · Hong Kong SAR China
1306
-15
🇷🇴 Britons · Romania
1289
-15
Rocker_
7:50 Loom
15:10 Feudal Age
20:26 Castle Age
18:35 Gold Mining
18:32 Double-Bit Axe
21:26 Fletching
28:20 Bodkin Arrow
Cheonma
11:20 Loom
13:47 Feudal Age
14:41 Double-Bit Axe
18:10 Castle Age
17:25 Fishing Lines
19:32 Medium Warships
19:32 Fletching
20:03 Gillnets
26:29 Bodkin Arrow
28:14 Horse Collar
RDA Lurchoton
15:03 Feudal Age
13:19 Loom
15:42 Fishing Lines
15:57 Double-Bit Axe
17:54 Gold Mining
23:09 Castle Age
22:06 Town Watch
22:56 Wheelbarrow
24:03 Medium Warships
27:21 Stone Mining
27:43 Bow Saw
27:46 Husbandry
27:57 Bloodlines
27:44 Light Cavalry
29:22 Scale Barding Armor
RDA Ronan
8:57 Loom
13:51 Feudal Age
17:53 Castle Age
16:44 Double-Bit Axe
16:43 Fishing Lines
19:37 Bow Saw
19:32 Town Watch
20:06 Gillnets
21:28 Wheelbarrow
22:07 Horse Collar
24:15 Medium Warships
24:41 Heavy Plow
24:57 Gold Mining
29:22 Hand Cart
Oliver
4:03 Loom
14:18 Feudal Age
15:53 Fletching
16:33 Town Watch
24:25 Castle Age
cutiewing
4:26 Loom
17:34 Feudal Age
21:49 Castle Age
28:48 Imperial Age
26:05 Town Watch
26:55 Wheelbarrow
𝖋𝖔𝖈𝖆
8:46 Loom
14:44 Feudal Age
19:43 Castle Age
17:50 Stone Mining
22:07 Fletching
23:05 Wheelbarrow
24:47 Hand Cart
24:48 Horse Collar
Renegade
5:39 Loom
14:31 Feudal Age
19:46 Castle Age
17:35 Double-Bit Axe
17:30 Horse Collar
20:21 Castle Age
19:44 Gold Mining
20:56 Forging
21:08 Fletching
24:16 Bow Saw
Connection lost

Rejoining the realm…

Still unreachable

The connection could not be restored.

Session expired

The server has moved on; the page needs a fresh start.